 Dungeon Crawl Stone Soup version 0.31.0-32-g396128a36d (webtiles) character file.

Game seed: 3476300033289043592

324 bearlyready the Changeling (level 6, -4/38 HPs)
             Began as an Octopode Shapeshifter on Mar 10, 2024.
             Slain by an ogre
             ... wielding a +0 giant club
              (8 damage)
             ... on level 5 of the Dungeon.
             The game lasted 00:03:47 (2763 turns).

bearlyready the Changeling (Octopode Shapeshifter)  Turns: 2763, Time: 00:03:47

Health: -4/38      AC:  1    Str: 15    XL:     6   Next: 48%
Magic:  6/6        EV: 13    Int: 13    God:
Gold:   216        SH:  0    Dex: 11    Spells: 5/5 levels left

rFire   . .          .
                       - Unarmed
rCold   . . .        (no shield)
rNeg    . . .        (helmet currently unavailable)
rPois   .            (no amulet)
rElec   .            e - ring of wizardry
rCorr   .            m - +4 ring of slaying
SInv    .            (no ring)
Will    .....        (no ring)
Stlth   ++           (no ring)
HPRegen 0.26/turn    (no ring)
MPRegen 0.10/turn    (no ring)
                     (no ring)

%: wizardry (x1)
@: about to teleport, beast-form
A: beast (slay +3), almost no armour, amphibious, 8 rings, camouflage 1,
gelatinous body 1, (nimble swimmer 1), tentacles
a: Begin Untransformation


You were on level 5 of the Dungeon.
You were a hulking beast.
You visited 2 branches of the dungeon, and saw 6 of its levels.

You collected 216 gold pieces.

Inventory:

Missiles
 d - 36 stones (quivered)
 i - 11 poisoned darts
 n - a boomerang
 w - 2 atropa-tipped darts
Jewellery
 e - a ring of wizardry (left tentacle)
 m - a +4 ring of slaying (right tentacle)
 s - a ring of ice
Talismans
 b - a beast talisman
 c - a flux talisman
Scrolls
 a - a scroll of fog
 p - a scroll of poison {unknown}
 t - a scroll of revelation {unknown}
 u - a scroll of identify
 v - 2 scrolls of fear {unknown}
 x - a scroll of blinking {unknown}
Potions
 f - a potion of attraction {unknown}
 g - a potion of magic
 h - 2 potions of might
 j - 3 potions of heal wounds {unknown}
 l - a potion of degeneration {unknown}
 o - a potion of berserk rage {unknown}
 q - 3 potions of brilliance {unknown}
 r - a potion of resistance {unknown}


   Skills:
 - Level 1.0 Fighting
 - Level 2.0 Dodging
 - Level 5.0 Unarmed Combat
 + Level 5.4 Shapeshifting


You had 5 spell levels left.
You didn't know any spells.
Your spell library contained the following spells:

 Spells                   Type           Power      Damage    Failure   Level
 Animate Dead             Necr           0%         N/A       73%         4
 Haunt                    Necr/Summ      0%         N/A       100%        7
 Infestation              Necr           0%         N/A       100%        8


Dungeon Overview and Level Annotations

Branches:
Dungeon (5/15)             Temple (1/1) D:5

Altars:
Ashenzari
Cheibriados
Dithmenos
Elyvilon
Fedhas
Hepliaklqana
Kikubaaqudgha
Makhleb
Nemelex Xobeh
Okawaru
Qazlal
Ru
Sif Muna
Trog
Uskayaw
Wu Jian
Xom
The Shining One


Innate Abilities, Weirdness & Mutations

You are a hulking beast.
Your limbs bulge with bestial killing power. (Slay +3)
You cannot wear most types of armour.
You are amphibious.
You can wear up to eight rings at the same time.
Your skin changes colour to match your surroundings (Stealth+).
Your rubbery body absorbs attacks. (AC +1, EV +1)
((You are camouflaged when in or above water. (Stealth+)))
You have tentacles for arms and can constrict up to eight enemies at once.


Message History

There is a staircase to the Ecumenical Temple here.
You climb downwards.
Welcome to the Ecumenical Temple!
Found five altars.
Found a staircase back to the Dungeon.
There is a staircase back to the Dungeon here.
You can't go down here!
You climb upwards.
Welcome back to the Dungeon!
There is a staircase to the Ecumenical Temple here.
You enter the deep water.
x - a scroll labelled MAOKHL QAGEU
Found a stone staircase leading down.
You now have 216 gold pieces (gained 8).
Found a stone staircase leading down.
v - 2 scrolls labelled WORYOM RENKI (gained 1)
A quokka comes into view.
A quokka is nearby!
An ogre comes into view. It is wielding a +0 giant club.
The helpless ogre fails to defend itself.
You bludgeon the ogre! You squeeze the ogre!
The ogre is severely wounded.
The ogre hits you with a +0 giant club!!
Ouch! That really hurt!
* * * LOW HITPOINT WARNING * * *
You are too injured to fight recklessly!
You are too injured to fight recklessly!
You are too injured to fight recklessly!
You are too injured to fight recklessly!
You are too injured to fight recklessly!
You are too injured to fight recklessly!
You are too injured to fight recklessly!
You are too injured to fight recklessly!
You are too injured to fight recklessly!
You are too injured to fight recklessly!
Okay, then.
Okay, then.
Okay, then.
As you read the scroll labelled SOARPH JIAL, it crumbles to dust.
You feel strangely unstable.
It was a scroll of teleportation.
The ogre attacks as it pursues you! The ogre closely misses you.
The ogre attacks as it pursues you! The ogre hits you with a +0 giant club!
You die...

#.# # #.######### #.
#......... #.. #.......#
.##..########.......#
........h...#.......#
#......O###.#.......##
+...r....#.>.........#
#........#..#........#
####.....#..#.......####.
#.....#..#+######.....
#.....#....># #......#
#####.#.....###......#
.#..............#


You could see an ogre and a quokka.

Vanquished Creatures
  A scorpion (D:4)
  A jelly (D:4)
  3 hounds (D:4)
  An orc wizard (D:2)
  4 adders
  A shadow imp (D:4)
  A dart slug (D:1)
  2 orcs (D:3)
  4 bats
  6 endoplasms
  A giant cockroach (D:3)
  4 goblins
  8 hobgoblins
  11 jackals
  A quokka (D:1)
  5 ball pythons
  2 frilled lizards
  11 kobolds
  9 rats
76 creatures vanquished.

Notes
Turn   | Place    | Note
-------+----------+-------------------------------------------
     0 | D:1      | bearlyready the Octopode Shapeshifter began the quest for
                  | the Orb.
     0 | D:1      | Reached XP level 1. HP: 13/13 MP: 1/1
    49 | D:1      | Reached XP level 2. HP: 18/18 MP: 2/2
   429 | D:2      | Reached XP level 3. HP: 14/23 MP: 3/3
   607 | D:2      | Found a faded altar of an unknown god.
   927 | D:2      | Reached XP level 4. HP: 28/28 MP: 4/4
  1468 | D:3      | Found a hazy altar of Hepliaklqana.
  1471 | D:3      | Found an ornate altar of the Wu Jian Council.
  1475 | D:3      | Found a bloodstained altar of Trog.
  1644 | D:3      | Reached XP level 5. HP: 29/33 MP: 5/5
  2227 | D:4      | Reached skill level 5 in Unarmed Combat
  2232 | D:4      | Reached XP level 6. HP: 38/38 MP: 6/6
  2295 | D:4      | Reached skill level 5 in Shapeshifting
  2500 | D:4      | Found a shimmering blue altar of Sif Muna.
  2559 | D:5      | Entered Level 5 of the Dungeon
  2713 | D:5      | Found a staircase to the Ecumenical Temple.
  2722 | Temple   | Entered the Ecumenical Temple
  2763 | D:5      | Slain by an ogre

Illustrated notes

Levels and vault maps discovered:
D:1:      mrwooster_arrival_statue_3, layout_rooms
D:2:      layout_basic, dreamdust_ecumenical_altar_statues,
          minmay_misc_feat_diagonals
D:3:      layout_loops_ring, grunt_temple_overflow_diamond, serial_glass,
          glass_columns_a, glass_columns_a
D:4:      layout_loops_ring, lemuel_blue_sif_altar, dreamdust_mushroom_princess,
          minmay_misc_feat_pillars
D:5:      layout_basic, temple_pool_b, serial_shops, nicolae_shop_tiny_glass,
          minmay_increasing_density, uniq_duvessa, uniq_ijyb, uniq_blork_the_orc
Temple:   nicolae_temple_bog_church

Skill      XL: |  1  2  3  4  5  6 |
---------------+-------------------+-----
Unarmed Combat | 4 5 |  5.0
Shapeshifting  | 4 5 |  5.4
Fighting       | |  1.0
Dodging        | |  2.0

Action                     |  1- 3 |  4- 6 || total
---------------------------+-------+-------++-------
  Melee: Unarmed           |    82 |    58 ||   140
         Constrict         |    18 |    12 ||    30
         Tentacles         |    12 |    14 ||    26
         Punch             |     1 |     1 ||     2
    Use: Potion            |     1 |       ||     1
         Scroll            |     3 |     1 ||     4
   Stab: Sleeping          |     5 |     5 ||    10
 Armour: Skin              |    71 |    22 ||    93
  Dodge: Dodged            |    38 |    34 ||    72
